 Dungeon Crawl Stone Soup version 0.21.1-1-g345015fe64 (webtiles) character file.

37271 Valens254 the Basher (level 13, 0/85 HPs)
             Began as a Gargoyle Fighter on Feb 24, 2018.
             Was a High Priest of Makhleb.
             Killed from afar by Nikola (7 damage)
             ... with a chain lightning
             ... on level 3 of the Lair of Beasts on Apr 13, 2018.
             The game lasted 02:15:14 (17964 turns).

Valens254 the Basher (Gargoyle Fighter)            Turns: 17964, Time: 02:15:15

Health: 0/85       AC: 26    Str: 30    XL:     13   Next: 95%
Magic:  22/22      EV:  7    Int: 10    God:    Makhleb [*****.]
Gold:   1104       SH: 14    Dex:  9    Spells: 19/24 levels left

rFire    . . .     SeeInvis .   g - +2 whip (venom)
rCold    . . .     Gourm    .   c - +1 shield
rNeg     + . .     Faith    .   D - +0 plate armour
rPois    ∞         Spirit   .   (no helmet)
rElec    +         Reflect  .   (no cloak)
rCorr    .         Harm     .   u - +0 pair of gloves
MR       .....                  (no boots)
Stlth    ..........             (no amulet)
HPRegen  0.24/turn              A - +4 ring of strength
MPRegen  0.18/turn              l - +2 ring of strength

@: very slightly contaminated
A: negative energy resistance 1, electricity resistance, unbreathing,
petrification resistance, rot immunity, AC +9
a: Minor Destruction, Lesser Servant of Makhleb, Major Destruction, Greater
Servant of Makhleb, Renounce Religion


You were on level 3 of the Lair of Beasts.
You worshipped Makhleb.
Makhleb was extremely pleased with you.
You were not hungry.

You visited 4 branches of the dungeon, and saw 16 of its levels.

You collected 1104 gold pieces.

Inventory:

Hand Weapons
 a - a +0 flail
 g - a +2 whip of venom (weapon)
 t - a +1 whip of holy wrath
 w - a +0 trident of venom
Armour
 c - a +1 shield (worn)
 u - a +0 pair of gloves (worn)
 D - a +0 plate armour (worn)
 L - a +0 pair of boots
 T - a +2 ring mail of cold resistance
Jewellery
 h - an uncursed ring of magical power
 l - a +2 ring of strength (right hand)
 v - an uncursed ring of positive energy
 A - a +4 ring of strength (left hand)
 R - an uncursed ring of protection from magic
 U - an uncursed ring of positive energy
Wands
 o - a wand of random effects (49)
 r - a wand of paralysis (20)
 x - a wand of enslavement (8)
 y - a wand of polymorph (13)
 E - a wand of clouds (9)
 J - a wand of disintegration (19)
 M - a wand of acid (6)
 O - a wand of iceblast (6)
Scrolls
 e - 2 scrolls of enchant weapon
 j - 7 scrolls of teleportation
 p - 4 scrolls of enchant armour
 B - 3 scrolls of amnesia
 C - 2 scrolls of identify
 F - 2 scrolls of magic mapping
 G - 4 scrolls of remove curse
 I - a scroll of brand weapon {unknown}
 P - a scroll of fear {unknown}
 Q - a scroll of torment
 S - a scroll of noise {unknown}
 W - a scroll of fog {unknown}
Potions
 b - a potion of cancellation
 i - 2 potions of flight
 k - 2 potions of lignification
 m - 6 potions of curing
 n - a potion of brilliance
 q - a potion of degeneration
 s - 2 potions of mutation
 N - a potion of magic
Books
 K - a book of Transfigurations

   Spells                             Type                      Level
   a - Irradiate                      Conjuration/Transmutation    5
   b - Statue Form                    Transmutation/Earth          6
   c - Hydra Form                     Transmutation                6
   d - Dragon Form                    Transmutation                7
 V - a book of Enchantments

   Spells                             Type                      Level
   a - Cause Fear                     Hexes                        4
   b - Yara's Violent Unravelling     Hexes/Transmutation          5
   c - Silence                        Hexes/Air                    5
   d - Deflect Missiles               Charms/Air                   6
   e - Discord                        Hexes                        8
Comestibles
 f - 26 rations


   Skills:
 + Level 11.8 Fighting
 - Level 12.0 Maces & Flails
 + Level 11.8 Armour
 + Level 11.8 Shields
 + Level 6.2 Spellcasting
 + Level 7.5 Conjurations


You had 19 spell levels left.
You knew the following spells:

 Your Spells              Type           Power        Failure   Level  Hunger
a - Irradiate             Conj/Tmut      ##........   100%        5    ######.


Dungeon Overview and Level Annotations

Branches:
Dungeon (8/15)             Temple (1/1) D:7            Lair (6/6) D:8
  Swamp (1/4) Lair:3        Snake (0/4) Lair:3        Slime (0/5) Lair:6

Altars:
Ashenzari
Cheibriados
Dithmenos
Fedhas
Gozag
Hepliaklqana
Kikubaaqudgha
Makhleb
Nemelex Xobeh
Okawaru
Qazlal
Ru
Sif Muna
Trog
Uskayaw
Vehumet
Wu Jian
Xom
Yredelemnul
Zin
The Shining One

Annotations:
D:4 Paulina's ghost, amateur FoEn
Lair:3 Nikola


Innate Abilities, Weirdness & Mutations

You are resistant to torment.
Your stone body is resilient. (AC +9)
You are immune to poison.
You resist negative energy. (rN+)
You are resistant to electric shocks. (rElec)
You can survive without breathing.
You are immune to petrification.
You are immune to rotting.


Message History

As you read the scroll of blinking, it crumbles to dust.
Nikola casts a spell.
You hear a mighty clap of thunder!
The lightning arc arcs out of your line of sight!
You hear a mighty clap of thunder!
The lightning arc suddenly appears!
The lightning arc hits Nikola.
The lightning arc hits the fungus. x4
You start resting.
Nikola mumbles some strange words.
You hear a mighty clap of thunder!
The lightning arc hits you! You resist.
* * * LOW HITPOINT WARNING * * *
The lightning arc hits Nikola.
The lightning arc hits you! You resist.
* * * LOW HITPOINT WARNING * * *
The lightning arc hits Nikola.
The lightning arc hits you! You resist.
* * * LOW HITPOINT WARNING * * *
Nikola gestures wildly while chanting.
You hear a mighty clap of thunder!
The lightning arc hits you! You resist.
You die...

........................#..#####P
.................................
................#.#P...P....#.#.#
................#......#....#..##
...............#@......##........
................#@...#####....##.
...............##....### ##...##.
...............##......# #.....#.
..##.##.##.P##..@.....## #...##..
P...#############....######..##..
P...# #P...(.#P###..###. P...#
##............##.. §...#
#................. P...##
###............... #....##
##............... #....P#
#...######.....#. #...### ##.##
###..##.


You could see Nikola.

Vanquished Creatures
  Harold (Lair:4)
  6 hydras
  2 catoblepae
  A two-headed ogre (D:8)
  A swamp dragon (Swamp:1)
  A guardian serpent (Lair:3)
  4 black mambas
  20 spiny frogs
  3 rime drakes
  5 komodo dragons
  27 blink frogs
  A bog body (Swamp:1)
  7 hippogriffs
  A spriggan (D:7)
  Sigmund (D:6)
  A wyvern (Lair:1)
  20 yaks
  2 basilisks
  A warg (Lair:6)
  10 insubstantial wisps
  5 soldier ants (Lair:6)
  13 water moccasins
  14 porcupines
  A hell hound (Lair:6)
  3 orc warriors
  A black bear (Lair:2)
  28 wolves
  2 centaurs
  2 ogres
  9 crocodiles
  15 bullfrogs
  2 gnoll sergeants
  A wyvern skeleton (D:6)
  2 scorpions
  3 electric eels
  4 crimson imps
  2 jellies
  A quasit (D:5)
  3 hounds
  A bullfrog skeleton (D:5)
  4 orc priests
  3 iguanas
  4 orc wizards
  Ijyb (D:3)
  Natasha (D:2)
  10 worker ants
  A hound zombie (D:7)
  2 worker ant zombies
  6 adders
  9 gnolls
  3 oozes
  An adder zombie (D:5)
  A worm (D:2)
  2 dart slugs
  A leopard gecko (D:7)
  25 orcs
  7 bats
  4 giant cockroaches
  11 goblins
  4 hobgoblins
  10 jackals
  2 quokkas (D:7)
  2 frilled lizards
  A jackal zombie (D:5)
  5 kobolds
  2 leopard gecko skeletons
  A quokka skeleton (D:7)
  4 rats
354 creatures vanquished.

Vanquished Creatures (others)
  A wolf (Lair:3)
  11 fungi
  20 plants
32 creatures vanquished.

Grand Total: 386 creatures vanquished

Notes
Turn   | Place    | Note
-------+----------+-------------------------------------------
     0 | D:1      | Valens254 the Gargoyle Fighter began the quest for the Orb.
     0 | D:1      | Reached XP level 1. HP: 14/14 MP: 1/1
   449 | D:1      | Reached XP level 2. HP: 19/19 MP: 2/2
  1114 | D:2      | Reached XP level 3. HP: 20/24 MP: 3/3
  1766 | D:3      | Noticed Natasha
  1953 | D:2      | Killed Natasha
  1953 | D:2      | Reached XP level 4. HP: 29/29 MP: 4/4
  1977 | D:2      | Reached skill level 3 in Maces & Flails
  2081 | D:3      | Reached XP level 5. HP: 16/33 MP: 5/5
  2334 | D:3      | Noticed Ijyb
  2339 | D:3      | Paralysed by Ijyb for 2 turns
  2349 | D:3      | Killed Ijyb
  2680 | D:4      | Noticed Paulina's ghost (amateur FoEn)
  2684 | D:3      | Reached XP level 6. HP: 35/39 MP: 6/6
  2727 | D:3      | Found a faded altar of an unknown god.
  2835 | D:4      | Reached skill level 4 in Maces & Flails
  3052 | D:4      | Found an ornate altar of the Wu Jian Council.
  3052 | D:4      | Found a shattered altar of Ashenzari.
  3584 | D:4      | Found a bloodstained altar of Trog.
  3584 | D:4      | Found a basalt altar of Yredelemnul.
  3746 | D:4      | Found a blossoming altar of Fedhas.
  3884 | D:5      | Entered Level 5 of the Dungeon
  3884 | D:5      | Found a radiant altar of Vehumet.
  3941 | D:5      | Reached XP level 7. HP: 42/44 MP: 7/7
  3968 | D:5      | Reached skill level 5 in Armour
  4026 | D:5      | Reached skill level 5 in Fighting
  4054 | D:5      | Reached skill level 5 in Maces & Flails
  4071 | D:5      | Reached skill level 5 in Shields
  4465 | D:5      | Reached XP level 8. HP: 49/50 MP: 8/8
  4869 | D:6      | Found an opulent altar of Gozag.
  4906 | D:6      | Reached skill level 6 in Maces & Flails
  5456 | D:6      | Noticed Sigmund
  5473 | D:6      | Killed Sigmund
  5554 | D:6      | Reached skill level 7 in Maces & Flails
  5870 | D:7      | Found a staircase to the Ecumenical Temple.
  5887 | Temple   | Entered the Ecumenical Temple
  5961 | Temple   | Became a worshipper of Makhleb the Destroyer
  6158 | D:7      | Reached XP level 9. HP: 49/56 MP: 9/9
  7193 | D:8      | Reached skill level 8 in Maces & Flails
  7239 | D:8      | Reached * piety under Makhleb
  7796 | D:8      | Noticed a two-headed ogre
  7808 | D:8      | Killed a two-headed ogre
  7808 | D:8      | Reached skill level 9 in Maces & Flails
  7808 | D:8      | Reached XP level 10. HP: 17/64 MP: 10/10
  8369 | D:8      | Found a staircase to the Lair.
  8389 | Lair:1   | Entered Level 1 of the Lair of Beasts
  8564 | Lair:1   | Noticed a spiny frog
  8579 | Lair:1   | Killed a spiny frog
  8878 | Lair:1   | Reached skill level 10 in Maces & Flails
  8951 | Lair:1   | Noticed a spiny frog
  8968 | Lair:1   | Killed a spiny frog
  9045 | Lair:1   | Noticed a spiny frog
  9064 | Lair:1   | Killed a spiny frog
  9064 | Lair:1   | Reached XP level 11. HP: 65/69 MP: 11/11
  9902 | Lair:2   | Learned a level 5 spell: Irradiate
 10176 | Lair:2   | Reached ** piety under Makhleb
 10214 | Lair:2   | Reached skill level 11 in Maces & Flails
 11016 | Lair:3   | Reached skill level 1 in Conjurations
 11069 | Lair:3   | Reached skill level 1 in Spellcasting
 11097 | Lair:3   | Found a staircase to the Swamp.
 11431 | Lair:3   | Noticed a catoblepas
 11533 | Lair:3   | Killed a catoblepas
 11533 | Lair:3   | Reached XP level 12. HP: 44/77 MP: 13/15
 12152 | Lair:3   | Reached *** piety under Makhleb
 12184 | Lair:3   | Reached skill level 10 in Armour
 12206 | Lair:3   | Reached skill level 10 in Fighting
 12206 | Lair:3   | Reached skill level 10 in Shields
 12580 | Lair:3   | Reached skill level 12 in Maces & Flails
 12585 | Lair:3   | Found a staircase to the Snake Pit.
 13599 | Lair:4   | Found an opulent altar of Gozag.
 13678 | Lair:4   | Noticed a seven-headed hydra
 13697 | Lair:4   | Killed a seven-headed hydra
 13862 | Lair:4   | Noticed a four-headed hydra
 13894 | Lair:4   | Killed a four-headed hydra
 13993 | Lair:4   | Reached skill level 5 in Conjurations
 14217 | Lair:4   | Noticed Harold
 14294 | Lair:4   | Killed Harold
 14709 | Lair:5   | Reached XP level 13. HP: 84/84 MP: 19/19
 14959 | Lair:5   | Reached **** piety under Makhleb
 15369 | Lair:5   | Reached skill level 5 in Spellcasting
 15922 | Lair:6   | Entered Level 6 of the Lair of Beasts
 16750 | Lair:6   | Reached ***** piety under Makhleb
 16812 | Lair:6   | Found a staircase to the Slime Pits.
 17171 | Lair:6   | Noticed an entropy weaver
 17588 | Swamp:1  | Entered Level 1 of the Swamp
 17882 | Swamp:1  | Noticed Nikola
 17964 | Lair:3   | Killed from afar by Nikola

Skill      XL: |  1  2  3  4  5  6  7  8  9 10 11 12 13 |
---------------+----------------------------------------+-----
Armour         | 4 5 6 7 8 9 10 11 | 11.8
Fighting       | 4 5 6 7 8 9 10 11 | 11.8
Maces & Flails | 3 4 5 7 9 10 11 12 | 12.0
Shields        | 4 5 6 7 8 9 10 11 | 11.8
Conjurations   | 2 5 7 |  7.5
Spellcasting   | 2 4 6 |  6.2

Action                   |  1- 3 |  4- 6 |  7- 9 | 10-12 | 13-15 || total
-------------------------+-------+-------+-------+-------+-------++-------
Melee: Flail             |    79 |       |       |       |       ||    79
       Whip              |    59 |   218 |   394 |  1133 |   782 ||  2586
  Use: Scroll            |     5 |     9 |       |     6 |     7 ||    27
       Potion            |     1 |       |     1 |     2 |     3 ||     7
 Stab: Petrified         |       |       |       |     7 |     1 ||     8
       Petrifying        |       |       |       |     2 |       ||     2
  Eat: Chunk             |     3 |     7 |     9 |    17 |     7 ||    43
       Ration            |       |       |     1 |     2 |     1 ||     4
Armor: Scale mail        |   103 |    21 |       |       |       ||   124
       Chain mail        |       |   180 |   109 |       |       ||   289
       Plate armour      |       |       |    87 |   482 |   279 ||   848
Dodge: Dodged            |    63 |    91 |    71 |   168 |   135 ||   528
Block: Shield            |    87 |   150 |   210 |   575 |   350 ||  1372
